 Dungeon Crawl Stone Soup version 0.27-a0-955-gb57c80000f (webtiles) character file.

Game seed: 1471692429011549768

7 Morbidden the Insei (level 2, -3/22 HPs)
             Began as a Djinni Transmuter on Apr 12, 2021.
             Slain by a kobold
             ... wielding a +2 whip of venom
              (7 damage)
             ... on level 1 of the Dungeon.
             The game lasted 00:00:22 (241 turns).

Morbidden the Insei (Djinni Transmuter)              Turns: 241, Time: 00:00:23

Health: -3/22      AC:  2    Str:  9    XL:     2   Next: 0%
Gold:   0          EV: 12    Int: 14    God:
                   SH:  0    Dex: 13

rFire    + + .     SeeInvis .     - Unarmed
rCold    x . .     Faith    .   (no shield)
rNeg     . . .     Spirit   .   a - +0 robe
rPois    ∞         Reflect  .   (no helmet)
rElec    .         Harm     .   (no cloak)
rCorr    .         Rampage  .   (no gloves)
Will     .....                  (boots unavailable)
Stlth    +.........             (no amulet)
HPRegen  0.07/turn              (no ring)
MPRegen  0.00/turn              (no ring)

@: flying
A: fire resistance 2, cold vulnerability 1, float, innate caster, hp casting,
extra vitality 1
a: no special abilities


You were on level 1 of the Dungeon.
You visited 1 branch of the dungeon, and saw 1 of its levels.

Inventory:

Armour
 a - a +0 robe (worn)
Potions
 b - a potion of might {unknown}


   Skills:
 + Level 1.0 Fighting
 + Level 2.4 Dodging
 + Level 3.2 Unarmed Combat
 + Level 1.9 Spellcasting


You couldn't memorise any spells.
You knew the following spells:

 Your Spells              Type           Power      Damage    Failure   Level
a - Beastly Appendage     Tmut           12%        N/A       11%         1
b - Wereblood             Tmut           6%         N/A       16%         2
c - Spider Form           Tmut/Pois      3%         N/A       32%         3
d - Ice Form              Ice/Tmut       6%         N/A       71%         4
e - Hydra Form            Tmut           3%         N/A       96%         5
Your spell library was empty.

Dungeon Overview and Level Annotations

Branches:
Dungeon (1/15)

Altars:


Innate Abilities, Weirdness & Mutations

You are immune to poison.
Your flesh is very heat resistant. (rF++)
You are vulnerable to cold. (rC-)
You float through the air rather than walking.
You learn spells naturally, not from books.
Your magical power is your life essence.
You have superior vitality. (+4 HP)


Message History

The bat closely misses you. The bat closely misses you.
The bat hits you but does no damage. x2
The bat misses you.
There is an open door here.
Casting: Beastly Appendage (safe; 11% risk of failure)
Confirm with . or Enter, or press ? or * to list all spells.
You extend your transformation's duration.
You hit the endoplasm but do no damage. The endoplasm hits you.
You hit the endoplasm but do no damage.
Your transformation is almost over.
The endoplasm barely misses you.
You hit the endoplasm but do no damage. The endoplasm freezes you.
You are frozen!
You feel a terrible chill!
You hit the endoplasm. You headbutt the endoplasm.
The endoplasm is almost dead.
The endoplasm barely misses you.
You hit the endoplasm.
You kill the endoplasm!
The bat hits you.
* * * LOW HITPOINT WARNING * * *
You closely miss the bat. The bat barely misses you.
The bat hits you but does no damage.
You barely miss the bat. The bat closely misses you.
You miss the bat. The bat barely misses you. The bat completely misses you.
Unknown command.
You hit the bat.
You kill the bat!
You have reached level 2!
You barely miss the kobold.
Your horns disappear.
The kobold barely misses you.
You barely miss the kobold.
The kobold hits you with a +2 whip of venom.
* * * LOW HITPOINT WARNING * * *
Unknown command.
You miss the kobold.
The kobold hits you with a +2 whip of venom!
You die...

............##..........
....##.....##.........>
................##.##.
#...........#### ..
#.....J.....# #.. ...
#...........# #....
...##.....K..#### #.....
........########.##.....#
##......'.K@....##.....#
#......#########.....#
#................>..#
#..............<...##
#................8..##
#.....)#########.....##
#..............##.....##
#......########.##.....##
#......# ##.##.....##.


You could see a kobold.

Vanquished Creatures
  A ball python (D:1)
  An endoplasm (D:1)
  A goblin (D:1)
  A quokka (D:1)
  A bat (D:1)
  A rat (D:1)
6 creatures vanquished.

Notes
Turn   | Place    | Note
-------+----------+-------------------------------------------
     0 | D:1      | Morbidden the Djinni Transmuter began the quest for the
                  | Orb.
     0 | D:1      | Reached XP level 1. HP: 17/17 MP: 0/0
   239 | D:1      | Reached XP level 2. HP: 7/22 MP: 0/0
   241 | D:1      | Slain by a kobold

Illustrated notes

Levels and vault maps discovered:
D:1:      psy_arrival_spokes, layout_basic, serial_shops, shop, shop, shop,
          shop, shop, st_stairs_10, minivault_25

Action                   || total
-------------------------++-------
Melee: Unarmed           ||    27
       Headbutt          ||     2
       Punch             ||     1
 Cast: Beastly Appendage ||     3
Armor: Robe              ||     7
Dodge: Dodged            ||    24

Table legend: (Time is in decaauts)
 A = Elapsed time spent in this place.
 B = Non-inter-level travel time spent in this place.
 C = Inter-level travel time spent in this place.
 D = Time resting spent in this place.
 E = Time spent auto-exploring this place.
 F = Levels seen in this place.
 G = Mean time per level.
                   A        B        C        D        E       F      G
               +--------+--------+--------+--------+--------+-----+--------+
         Total |    239 |    239 |      0 |      0 |    188 |   1 |  239.0 |
       Dungeon |    239 |    239 |      0 |      0 |    188 |   1 |  239.0 |
               +--------+--------+--------+--------+--------+-----+--------+

Top non-repeatable levels by time:
     D:1: 239 daAuts
